 Dungeon Crawl Stone Soup version 0.31-a0-121-g1e386dd289 (webtiles) character file.

Game seed: 2925261280640705450

3178 ragingrage the Slicer (level 9, -9/54 HPs)
             Began as an Octopode Warper on May 31, 2023.
             Was a Priest of Cheibriados.
             Mangled by a two-headed ogre
             ... wielding a +0 giant spiked club
              (34 damage)
             ... on level 8 of the Dungeon.
             The game lasted 00:09:32 (6924 turns).

ragingrage the Slicer (Octopode Warper)             Turns: 6924, Time: 00:09:33

Health: -9/54      AC:  3    Str: 17    XL:     9   Next: 95%
Magic:  12/12      EV: 14    Int: 22    God:    Cheibriados [***...]
Gold:   464        SH:  0    Dex: 23    Spells: 1/12 levels left

rFire   . . .        b - +2 long sword
rCold   . . .        (no shield)
rNeg    . . .        x - +2 hat
rPois   .            (no amulet)
rElec   .            l - +4 ring of slaying
rCorr   +            v - ring of resist corrosion
SInv    .            (no ring)
Will    .....        (no ring)
Stlth   ++++         (no ring)
HPRegen 0.29/turn    (no ring)
MPRegen 0.13/turn    (no ring)
                     (no ring)

%: no passive effects
@: very slow
A: almost no armour, amphibious, 8 rings, camouflage 1, gelatinous body 1,
(nimble swimmer 1), tentacles
a: Renounce Religion, Bend Time, Temporal Distortion


You were on level 8 of the Dungeon.
You worshipped Cheibriados.
Cheibriados was most pleased with you.
You visited 2 branches of the dungeon, and saw 9 of its levels.

You collected 464 gold pieces.

Inventory:

Hand Weapons
 a - a +0 arbalest
 b - a +2 long sword (weapon)
 c - a +2 dagger of venom
 E - a +2 rapier of freezing
Missiles
 d - 7 poisoned darts (quivered)
 k - 3 atropa-tipped darts
 r - 3 javelins
 w - 2 throwing nets
 D - a boomerang
 P - 3 boomerangs of dispersal
Armour
 x - a +2 hat (worn)
Jewellery
 l - a +4 ring of slaying (left tentacle)
 v - a ring of resist corrosion (right tentacle)
Wands
 J - a wand of roots (7)
 L - a wand of flame (16)
Scrolls
 e - 3 scrolls of magic mapping
 f - a scroll of enchant weapon
 g - 3 scrolls of blinking
 h - 4 scrolls of amnesia
 j - 2 scrolls of fear
 u - 3 scrolls of teleportation
 F - a scroll of immolation {unknown}
 G - 2 scrolls of vulnerability {unknown}
 K - a scroll of enchant armour
 N - a scroll of noise {unknown}
 O - a scroll of fog {unknown}
Potions
 i - 3 potions of heal wounds
 m - a potion of brilliance {unknown}
 n - a potion of degeneration {unknown}
 o - a potion of mutation {unknown}
 p - 4 potions of attraction
 q - 3 potions of berserk rage
 t - 2 potions of enlightenment
 z - 2 potions of lignification {unknown}
 A - a potion of curing
 C - 2 potions of cancellation
 H - 2 potions of invisibility {unknown}
 I - a potion of ambrosia {unknown}
 M - a potion of might {unknown}


   Skills:
 - Level 2.0 Fighting
 - Level 9.5(10.4) Short Blades
 + Level 6.2(8.8) Long Blades
 - Level 1.0 Throwing
 - Level 2.3 Dodging
 - Level 4.0 Stealth
 - Level 2.0 Spellcasting
 + Level 7.6 Translocations


You had one spell level left.
You knew the following spells:

 Your Spells              Type           Power      Damage    Failure   Level
a - Blink                 Tloc           70%        N/A       1%          2
b - Lesser Beckoning      Tloc           70%        N/A       1%          2
c - Vhi's Electric Charg  Tloc/Air       36%        N/A       9%          3
d - Manifold Assault      Tloc           35%        N/A       6%          4

Your spell library contained the following spells:

 Spells                   Type           Power      Damage    Failure   Level
 Foxfire                  Conj/Fire      8%         2x1d4     14%         1
 Freeze                   Ice            8%         1d3       14%         1
 Magic Dart               Conj           8%         1d3       14%         1
 Slow                     Hex            8%         N/A       14%         1
 Teleport Other           Tloc           35%        N/A       1%          3
 Searing Ray              Conj           4%         2d4       21%         2
 Confusing Touch          Hex            2%         N/A       38%         3
 Frozen Ramparts          Ice            4%         1d1       38%         3
 Hailstorm                Conj/Ice       2%         3d3       38%         3
 Summon Guardian Golem    Hex/Summ       2%         N/A       38%         3
 Vampiric Draining        Necr           2%         2d6       38%         3
 Fulminant Prism          Conj/Hex       1%         3d5       80%         4
 Starburst                Conj/Fire      1%         6d3       100%        6
 Fire Storm               Conj/Fire      1%         7d1       100%        9


Dungeon Overview and Level Annotations

Branches:
Dungeon (8/15)             Temple (1/1) D:4
   Lair: D:8-11

Altars:
Ashenzari
Cheibriados
Fedhas
Gozag
Kikubaaqudgha
Makhleb
Nemelex Xobeh
Okawaru
Qazlal
Ru
Sif Muna
Trog
Uskayaw
Vehumet
Wu Jian
Xom
Yredelemnul
Zin
The Shining One

Shops:
D:7 *   D:8 (

Annotations:
D:4 2 transporters, OldManVictorn's ghost, amateur GnWn


Innate Abilities, Weirdness & Mutations

You cannot wear most types of armour.
You are amphibious.
You can wear up to eight rings at the same time.
Your skin changes colour to match your surroundings (Stealth+).
Your rubbery body absorbs attacks. (AC +1, EV +1)
((You are camouflaged when in or above water. (Stealth+)))
You have tentacles for arms and can constrict up to eight enemies at once.


Message History

Adjust (i)tems, (s)pells, or (a)bilities?
P - a +2 dagger of venom Adjust to which letter? (? for menu, Esc to quit)
c - a +2 dagger of venom;
P - 4 boomerangs of dispersal You start resting.
You drop a +3 short sword.
You drop a +2 falchion.
You drop a +0 falchion.
Your +2 rapier of freezing stops glowing.
a - a +0 arbalest (weapon)
You see here a +0 robe.
Items here: ))))))) [[[[.
You see here a +0 robe.
An orc comes into view. It is wielding a +0 short sword.
You shoot a bolt. The orc shouts!
The bolt hits the orc!
You kill the orc!
Cheibriados appreciates the change of pace.
You hear two shouts!
A two-headed ogre comes into view.
It is wielding a +0 giant spiked club and a +0 giant club.
A two-headed ogre is nearby!
You shoot a bolt. The bolt hits the two-headed ogre!
You shoot a bolt. The bolt hits the two-headed ogre!
You shoot a bolt. The bolt hits the two-headed ogre.
b - a +2 long sword (weapon)
You hit the two-headed ogre. You squeeze the two-headed ogre.
A killer bee comes into view.
The two-headed ogre hits you with a +0 giant spiked club!!
Ouch! That really hurt!
The two-headed ogre closely misses you.
Throw: 4 boomerangs (disperse)
Press: ? - help, Shift-Dir - straight line, f/p - two-headed ogre
Aim: a two-headed ogre, wielding a +0 giant spiked club and a +0 giant club (heavily wounded, 80% to hit)
You throw a boomerang of dispersal.
The boomerang of dispersal barely misses the two-headed ogre.
A killer bee comes into view.
The two-headed ogre hits you with a +0 giant spiked club!!
Ouch! That really hurt!
You die...

.##.[......#
.####....#.#
.........#.#
.........#.#
...#)###.#.######.#
..................#
...##...##.########
.##........########.#...
.. .............@O..y...
.##.#...###########.#.#.
.# .##### .##.# .<#..
################
...............#
...........###.#
##########.#.#


You could see a two-headed ogre and a killer bee.

Vanquished Creatures
  Pikel (D:5)
  A water moccasin (D:7)
  Pargi (D:4)
  An ice beast (D:7)
  A sky beast (D:7)
  3 black bears
  2 ogres
  A centaur (D:5)
  2 lemures (D:5)
  2 bullfrogs
  3 scorpions (D:5)
  10 wights
  3 howler monkeys (D:8)
  A crimson imp (D:6)
  5 hounds
  3 orc priests
  3 jellies
  2 iguanas
  8 orc wizards
  12 adders
  4 gnolls (D:4)
  2 shadow imps (D:7)
  A white imp (D:7)
  2 ufetubi
  4 worms
  A dart slug (D:5)
  25 orcs
  7 ball pythons
  6 bats
  15 endoplasms
  2 giant cockroaches
  5 goblins
  7 hobgoblins
  6 kobolds
  8 quokkas
  6 frilled lizards
  7 rats
173 creatures vanquished.

Notes
Turn   | Place    | Note
-------+----------+-------------------------------------------
     0 | D:1      | ragingrage the Octopode Warper began the quest for the Orb.
     0 | D:1      | Reached XP level 1. HP: 14/14 MP: 3/3
   220 | D:1      | Reached XP level 2. HP: 18/19 MP: 5/5
   633 | D:1      | Reached XP level 3. HP: 24/24 MP: 6/6
  1180 | D:2      | Reached XP level 4. HP: 26/29 MP: 7/7
  1203 | D:2      | Noticed a black bear
  1214 | D:2      | Killed a black bear
  1215 | D:2      | Reached skill level 3 in Short Blades
  1215 | D:2      | Reached XP level 5. HP: 16/34 MP: 8/8
  1401 | D:2      | Found a shimmering altar of Xom.
  1508 | D:2      | Got the Opusculum on Kindled Imprecation
  2215 | D:3      | Reached skill level 4 in Short Blades
  2215 | D:3      | Reached XP level 6. HP: 34/39 MP: 9/9
  2950 | D:4      | Noticed Pargi
  2978 | D:4      | Killed Pargi
  2979 | D:4      | Reached skill level 5 in Short Blades
  3056 | D:4      | Found a transporter.
  3056 | D:4      | Noticed OldManVictorn's ghost (amateur GnWn)
  3122 | D:4      | Found a transporter.
  3249 | D:4      | Found a staircase to the Ecumenical Temple.
  3265 | D:4      | Reached skill level 1 in Stealth
  3267 | Temple   | Entered the Ecumenical Temple
  3267 | Temple   | Found a transporter.
  3267 | Temple   | Found a transporter.
  3293 | Temple   | Found a transporter.
  3293 | Temple   | Found a transporter.
  3348 | Temple   | Became a worshipper of Cheibriados the Contemplative
  3518 | D:4      | Reached XP level 7. HP: 43/45 MP: 10/10
  3581 | D:4      | Found a shimmering blue altar of Sif Muna.
  3747 | D:5      | Entered Level 5 of the Dungeon
  3778 | D:5      | Reached skill level 6 in Short Blades
  4173 | D:5      | Reached skill level 7 in Short Blades
  4273 | D:5      | Reached XP level 8. HP: 50/50 MP: 11/11
  4371 | D:5      | Reached * piety under Cheibriados
  4520 | D:5      | Noticed Pikel
  4532 | D:5      | Killed Pikel
  4533 | D:5      | Reached skill level 9 in Short Blades
  4861 | D:5      | Found an ornate altar of the Wu Jian Council.
  5052 | D:6      | Learned a level 2 spell: Blink
  5055 | D:6      | Learned a level 2 spell: Lesser Beckoning
  5059 | D:6      | Learned a level 3 spell: Vhi's Electric Charge
  5064 | D:6      | Learned a level 4 spell: Manifold Assault
  5228 | D:6      | Reached XP level 9. HP: 54/54 MP: 12/12
  5374 | D:6      | Reached skill level 5 in Translocations
  5385 | D:6      | Reached ** piety under Cheibriados
  5729 | D:6      | Found a burning altar of Makhleb.
  6097 | D:7      | Found Gozag's Platinum Reserve.
  6099 | D:7      | Found an opulent altar of Gozag.
  6290 | D:7      | Found a blossoming altar of Fedhas.
  6421 | D:7      | Reached skill level 5 in Long Blades
  6610 | D:7      | Found a hide-covered altar of Uskayaw.
  6675 | D:8      | Found a stormy altar of Qazlal.
  6683 | D:8      | Found Goixar's Antique Weapon Boutique.
  6759 | D:8      | Reached *** piety under Cheibriados
  6764 | D:8      | Found a sacrificial altar of Ru.
  6918 | D:8      | Noticed a two-headed ogre
  6924 | D:8      | Mangled by a two-headed ogre

Illustrated notes

Levels and vault maps discovered:
D:1:      wander_arrival_desolate, layout_loops_corners,
          minmay_misc_feat_encased, chequers_serial_rivers_marsh
D:2:      layout_rooms, basic_altar, st_stairs_4, hangedman_decor_push,
          minmay_circled_x
D:3:      layout_loops_corners, minmay_misc_feat_rugged
D:4:      layout_loops_cross, mainiacjoe_overflow_alcove_4,
          minmay_temple_entry_trees, gammafunk_ghost_mausoleum, uniq_pargi
D:5:      layout_basic, nicolae_wu_jian_immortal_techniques,
          grunt_ministairs_12, hangedman_decor_diamond_cutter,
          kennysheep_generic_room_11, uniq_pikel
D:6:      layout_loops_ring, makhleb_grotto_becter
D:7:      layout_rooms, nicolae_gozag_zags_fifth_avenue,
          mainiacjoe_overflow_surrounded_room, mainiacjoe_overflow_alcove_1
D:8:      layout_basic, nicolae_qazlal_scattered_showers,
          mainiacjoe_overflow_brackets, serial_shops,
          nicolae_shop_competitors_out_of_business, kennysheep_generic_room_10
Temple:   hellmonk_temple_divided_pantheon

Skill      XL: |  1  2  3  4  5  6  7  8  9 |
---------------+----------------------------+-----
Long Blades    | 3 4 6 |  6.2
Short Blades   | 3 4 5 7 9 |  9.5
Stealth        | 1 4 |  4.0
Translocations | 4 7 |  7.6
Fighting       | |  2.0
Throwing       | |  1.0
Dodging        | |  2.3
Spellcasting   | |  2.0

Action                     |  1- 3 |  4- 6 |  7- 9 || total
---------------------------+-------+-------+-------++-------
  Melee: Falchion          |    63 |       |       ||    63
         Constrict         |    14 |    25 |    39 ||    78
         Tentacles         |     9 |    15 |    54 ||    78
         Punch             |     1 |     2 |     5 ||     8
         Dagger            |       |   103 |   136 ||   239
         Rapier            |       |       |    14 ||    14
         Short sword       |       |       |    12 ||    12
         Long sword        |       |       |     1 ||     1
   Fire: Arbalest          |       |       |    49 ||    49
  Throw: Boomerang         |     1 |     2 |     1 ||     4
         Dart              |       |       |     9 ||     9
   Cast: Lesser Beckoning  |       |       |     1 ||     1
    Use: Potion            |     2 |       |       ||     2
         Scroll            |       |       |    13 ||    13
   Stab: Sleeping          |     6 |     9 |     2 ||    17
         Distracted        |       |       |     1 ||     1
 Armour: Skin              |     2 |     5 |     6 ||    13
  Dodge: Dodged            |    39 |    52 |    70 ||   161

Table legend: (Time is in decaauts)
 A = Elapsed time spent in this place.
 B = Non-inter-level travel time spent in this place.
 C = Inter-level travel time spent in this place.
 D = Time resting spent in this place.
 E = Time spent auto-exploring this place.
 F = Levels seen in this place.
 G = Mean time per level.
                   A        B        C        D        E       F      G
               +--------+--------+--------+--------+--------+-----+--------+
         Total |   7905 |   7605 |    300 |    962 |   5414 |   9 |  878.3 |
       Dungeon |   7807 |   7535 |    272 |    962 |   5384 |   8 |  975.9 |
        Temple |     98 |     71 |     27 |      0 |     30 |   1 |   98.0 |
               +--------+--------+--------+--------+--------+-----+--------+

Top non-repeatable levels by time:
     D:5: 1618 daAuts
     D:6: 1281 daAuts
     D:1: 1030 daAuts
     D:3: 994 daAuts
     D:2: 872 daAuts
     D:4: 839 daAuts
     D:7: 780 daAuts
     D:8: 391 daAuts
  Temple: 98 daAuts
